PCL
VANCOUVER VIPERS @ MILE HIGH BRONCOS
09/20/2025
 
TOP OF THE 1ST
Vancouver Vipers batting - Pitching for Mile High Broncos : RHP John Burris
Pitching: RHP John Burris
Batting: LHB Malcolm Thomas 0-0: Called Strike
0-1: Swinging Strike
0-2: Ball
1-2: Foul Ball, location: 2F
1-2: DOUBLE (Flyball, 78D)
Batting: LHB Katsumi Morishita 0-0: Ball
1-0: Ball
2-0: Ball
3-0: Called Strike
3-1: Called Strike
Malcolm Thomas is caught stealing 3rd base
3-2: Ground out 3-5 (Groundball, 3)
Batting: LHB Mike Williams 0-0: Ball
1-0: Called Strike
1-1: Ball
2-1: Ball
3-1: Called Strike
3-2: Foul Ball, location: 2F
3-2: Strikes out swinging
Top of the 1st over - 0 run(s), 1 hit(s), 0 error(s), 0 left on base; Vancouver 0 - Mile High 0
BOTTOM OF THE 1ST
Mile High Broncos batting - Pitching for Vancouver Vipers : RHP Don Barnes
Pitching: RHP Don Barnes
Batting: RHB Francisco Medina 0-0: Called Strike
0-1: Foul Ball, location: 2F
0-2: Ball
1-2: Fly out, F8 (Line Drive, 8LM)
Batting: RHB José Herrera 0-0: Ball
1-0: Swinging Strike
1-1: SOLO HOME RUN (Flyball, 7D), Distance : 362 ft
Batting: RHB Jung-ha Kim 0-0: Called Strike
0-1: Fly out, F2 (Popup, 2RF)
Batting: RHB António Martínez 0-0: Ball
1-0: Ball
2-0: Called Strike
2-1: DOUBLE (Line Drive, 89M)
Batting: LHB Bill Houston 0-0: Foul Ball, location: 2F
0-1: Ball
1-1: Foul Ball, location: 2F
1-2: Strikes out looking
Bottom of the 1st over - 1 run(s), 2 hit(s), 0 error(s), 1 left on base; Vancouver 0 - Mile High 1
TOP OF THE 2ND
Vancouver Vipers batting - Pitching for Mile High Broncos : RHP John Burris
Batting: RHB Marvin Workman 0-0: Called Strike
0-1: Ground out U3 (Groundball, 3)
Batting: RHB Sergio Pujols 0-0: Called Strike
0-1: Ground out 4-3 (Groundball, 4)
Batting: LHB Jason Lambert 0-0: Ball
1-0: Called Strike
1-1: Ground out 4-3 (Groundball, 34)
Top of the 2nd over - 0 run(s), 0 hit(s), 0 error(s), 0 left on base; Vancouver 0 - Mile High 1
BOTTOM OF THE 2ND
Mile High Broncos batting - Pitching for Vancouver Vipers : RHP Don Barnes
Batting: RHB Matt Silver 0-0: Ball
1-0: SINGLE (Line Drive, 6MD)
Batting: SHB Keith Shaffer 0-0: Ball
1-0: Ball
2-0: Foul Ball, location: 2F
2-1: Fly out, F8 (Flyball, 8LM)
Batting: RHB Su-kweon Yu 0-0: Foul Ball, location: 2F
0-1: 2-RUN HOME RUN (Flyball, 89XD), Distance : 416 ft
Batting: SHB Paco Martínez 0-0: Swinging Strike
0-1: Swinging Strike
0-2: Foul Ball, location: 2F
0-2: Foul Ball, location: 2F
0-2: Ball
1-2: SINGLE (Flyball, 89S)
Batting: RHB Francisco Medina 0-0: Ball
1-0: Foul Ball, location: 2F
1-1: Ball
2-1: Foul Ball, location: 2F
2-2: Foul Ball, location: 2F
2-2: Foul Ball, location: 2F
2-2: Strikes out swinging
Batting: RHB José Herrera 0-0: Called Strike
Paco Martínez steals 2nd base
0-1: Ball
1-1: Foul Ball, location: 2F
1-2: Strikes out swinging
Bottom of the 2nd over - 2 run(s), 3 hit(s), 0 error(s), 1 left on base; Vancouver 0 - Mile High 3
TOP OF THE 3RD
Vancouver Vipers batting - Pitching for Mile High Broncos : RHP John Burris
Batting: RHB Axel Guimont 0-0: Called Strike
0-1: SOLO HOME RUN (Flyball, 7D), Distance : 381 ft
Batting: RHB Pedro Fuentes 0-0: Ball
1-0: Ball
2-0: Ball
3-0: Called Strike
3-1: Base on Balls
Batting: RHB Salvador Medine 0-0: Foul Ball, location: 2F
0-1: Foul Ball, location: 2F
0-2: Grounds into double play, 5-4-3 (Groundball, 5)
Batting: LHB Malcolm Thomas 0-0: Ball
1-0: Swinging Strike
1-1: SINGLE (Line Drive, 8LS)
Batting: LHB Katsumi Morishita 0-0: Called Strike
0-1: SINGLE (Groundball, 34D)
Malcolm Thomas to second
Runner from 2nd tries for 3rd, SAFE, throw made to third
Batting: LHB Mike Williams 0-0: Swinging Strike
0-1: Swinging Strike
0-2: Ball
1-2: Strikes out swinging
Top of the 3rd over - 1 run(s), 3 hit(s), 0 error(s), 2 left on base; Vancouver 1 - Mile High 3
BOTTOM OF THE 3RD
Mile High Broncos batting - Pitching for Vancouver Vipers : RHP Don Barnes
Batting: RHB Jung-ha Kim 0-0: Called Strike
0-1: Ball
1-1: Ball
2-1: Swinging Strike
2-2: Foul Ball, location: 2F
2-2: Strikes out swinging
Batting: RHB António Martínez 0-0: Called Strike
0-1: Called Strike
0-2: Ball
1-2: Ball
2-2: SINGLE (Groundball, 4D)
Batting: LHB Bill Houston 0-0: Called Strike
0-1: Foul Ball, location: 2F
0-2: Ball
1-2: Ball
2-2: Ball
3-2: Foul Ball, location: 2F
3-2: Strikes out swinging
Batting: RHB Matt Silver 0-0: Called Strike
0-1: Ball
1-1: Ball
2-1: Swinging Strike
2-2: Ball
3-2: Strikes out swinging
Bottom of the 3rd over - 0 run(s), 1 hit(s), 0 error(s), 1 left on base; Vancouver 1 - Mile High 3
TOP OF THE 4TH
Vancouver Vipers batting - Pitching for Mile High Broncos : RHP John Burris
Batting: RHB Marvin Workman 0-0: Ball
1-0: Ball
2-0: Ball
3-0: Called Strike
3-1: Base on Balls
Batting: RHB Sergio Pujols 0-0: Called Strike
0-1: Grounds into double play, 6-4-3 (Groundball, 6)
Batting: LHB Jason Lambert 0-0: Ball
1-0: Fly out, F6 (Popup, 56D)
Top of the 4th over - 0 run(s), 0 hit(s), 0 error(s), 0 left on base; Vancouver 1 - Mile High 3
BOTTOM OF THE 4TH
Mile High Broncos batting - Pitching for Vancouver Vipers : RHP Don Barnes
Batting: SHB Keith Shaffer 0-0: Ball
1-0: Swinging Strike
1-1: Foul Ball, location: 2F
1-2: Ball
2-2: Ground out 4-3 (Groundball, 4)
Batting: RHB Su-kweon Yu 0-0: Called Strike
0-1: Foul Ball, location: 2F
0-2: Ball
1-2: Ball
2-2: Ball
3-2: Foul Ball, location: 2F
3-2: SINGLE (Line Drive, 7S)
Batting: SHB Paco Martínez 0-0: Foul Ball, location: 2F
0-1: Ball
1-1: Ball
2-1: Fly out, F7 (Flyball, 7LM)
2-1: Fly out, F7 (Flyball, 7LM)
Batting: RHB Francisco Medina 0-0: Called Strike
0-1: Ball
1-1: Ground out 6-3 (Groundball, 6)
Bottom of the 4th over - 0 run(s), 1 hit(s), 0 error(s), 1 left on base; Vancouver 1 - Mile High 3
TOP OF THE 5TH
Vancouver Vipers batting - Pitching for Mile High Broncos : RHP John Burris
Batting: RHB Axel Guimont 0-0: Ball
1-0: Foul Ball, location: 2F
1-1: Foul Ball, location: 2F
1-2: Strikes out swinging
Batting: RHB Pedro Fuentes 0-0: Called Strike
0-1: Swinging Strike
0-2: Foul Ball, location: 2F
0-2: Fly out, F8 (Flyball, 8RM)
Batting: RHB Salvador Medine 0-0: Fly out, F8 (Line Drive, 8LS)
Top of the 5th over - 0 run(s), 0 hit(s), 0 error(s), 0 left on base; Vancouver 1 - Mile High 3
BOTTOM OF THE 5TH
Mile High Broncos batting - Pitching for Vancouver Vipers : RHP Don Barnes
Batting: RHB José Herrera 0-0: Called Strike
0-1: Ball
1-1: Swinging Strike
1-2: Ball
2-2: Ball
3-2: SINGLE (Groundball, 4MD)
Batting: RHB Jung-ha Kim 0-0: Ball
1-0: Foul Ball, location: 2F
1-1: Ball
2-1: Ball
3-1: Called Strike
3-2: Foul Ball, location: 2F
3-2: Foul Ball, location: 2F
3-2: Foul Ball, location: 2F
3-2: Foul Ball, location: 2F
3-2: Strikes out looking
Pitching: LHP Ron Cummins
Batting: RHB António Martínez 0-0: Ball
1-0: Called Strike
1-1: Foul Ball, location: 2F
1-2: Fly out, F3 (Popup, 34)
Batting: LHB Bill Houston 0-0: Called Strike
0-1: Called Strike
0-2: Ground out 4-3 (Groundball, 4)
Bottom of the 5th over - 0 run(s), 1 hit(s), 0 error(s), 1 left on base; Vancouver 1 - Mile High 3
TOP OF THE 6TH
Vancouver Vipers batting - Pitching for Mile High Broncos : RHP John Burris
Batting: LHB Malcolm Thomas 0-0: Ball
1-0: Ball
2-0: Ground out 4-3 (Groundball, 4)
Batting: LHB Katsumi Morishita 0-0: Ball
1-0: Ball
2-0: Ball
3-0: Base on Balls
Batting: LHB Mike Williams 0-0: Ball
1-0: Ball
2-0: Ball
3-0: Base on Balls
Katsumi Morishita to second
Batting: RHB Marvin Workman 0-0: Ball
1-0: SINGLE (Line Drive, 3D)
Katsumi Morishita to third
Mike Williams to second
Runner from 3rd tries for Home, SAFE, no throw or cutoff
Batting: RHB Sergio Pujols 0-0: Ball
1-0: Called Strike
1-1: Ground out 5-3 (Groundball, 5S)
Mike Williams to third
Marvin Workman to second
Batting: LHB Jason Lambert 0-0: Ball
1-0: Ball
2-0: Ball
3-0: Base on Balls
Batting: RHB Axel Guimont 0-0: Called Strike
0-1: Ball
1-1: Ball
2-1: Ground out 5-3 (Groundball, 56)
Top of the 6th over - 1 run(s), 1 hit(s), 0 error(s), 3 left on base; Vancouver 2 - Mile High 3
BOTTOM OF THE 6TH
Mile High Broncos batting - Pitching for Vancouver Vipers : LHP Ron Cummins
Batting: RHB Matt Silver 0-0: Foul Ball, location: 2F
0-1: Ball
1-1: Foul Ball, location: 2F
1-2: Ball
2-2: Strikes out swinging
Batting: SHB Keith Shaffer 0-0: Ball
1-0: Ball
2-0: Called Strike
2-1: Swinging Strike
2-2: SINGLE (Groundball, 4MD) (infield hit)
Batting: RHB Su-kweon Yu 0-0: Called Strike
0-1: Foul Ball, location: 2F
0-2: Foul Ball, location: 2F
0-2: Ball
1-2: Foul Ball, location: 2F
1-2: Ball
2-2: Ball
3-2: Reached on error, E5 (Groundball, 5S)
Keith Shaffer to third
Batting: SHB Paco Martínez 0-0: Foul Ball, location: 2F
0-1: Swinging Strike
0-2: Strikes out looking
Batting: RHB Francisco Medina 0-0: Foul Ball, location: 2F
0-1: Ground out 6-3 (Groundball, 6)
Bottom of the 6th over - 0 run(s), 1 hit(s), 1 error(s), 2 left on base; Vancouver 2 - Mile High 3
TOP OF THE 7TH
Vancouver Vipers batting - Pitching for Mile High Broncos : RHP John Burris
Pitching: RHP David Bailey
Batting: RHB Pedro Fuentes 0-0: Called Strike
0-1: Called Strike
0-2: Strikes out swinging
Batting: RHB Salvador Medine 0-0: Called Strike
0-1: Foul Ball, location: 2F
0-2: Ball
1-2: Ground out 5-3 (Groundball, 56S)
Batting: LHB Malcolm Thomas 0-0: Ball
1-0: Foul Ball, location: 2F
1-1: Foul Ball, location: 2F
1-2: Ball
2-2: SINGLE (Groundball, 6MD) (infield hit)
Batting: LHB Katsumi Morishita 0-0: Called Strike
Malcolm Thomas steals 2nd base
0-1: Ball
1-1: Ball
2-1: TRIPLE (Line Drive, 8RM)
Malcolm Thomas scores
Batting: LHB Mike Williams 0-0: Called Strike
0-1: Ball
1-1: Foul Ball, location: 2F
1-2: Foul Ball, location: 2F
1-2: Ball
2-2: Strikes out swinging
Top of the 7th over - 1 run(s), 2 hit(s), 0 error(s), 1 left on base; Vancouver 3 - Mile High 3
BOTTOM OF THE 7TH
Mile High Broncos batting - Pitching for Vancouver Vipers : LHP Ron Cummins
Batting: RHB José Herrera 0-0: Swinging Strike
0-1: Called Strike
0-2: Strikes out swinging
Pitching: RHP Michael Chapman
Batting: RHB Jung-ha Kim 0-0: Called Strike
0-1: Ball
1-1: SOLO HOME RUN (Flyball, 7D), Distance : 373 ft
Batting: RHB António Martínez 0-0: Called Strike
0-1: Foul Ball, location: 2F
0-2: Ball
1-2: Ball
2-2: Ball
3-2: Base on Balls
Batting: LHB Bill Houston 0-0: Called Strike
0-1: Swinging Strike
0-2: Strikes out looking
Batting: RHB Matt Silver 0-0: Fly out, F6 (Popup, 5L)
Bottom of the 7th over - 1 run(s), 1 hit(s), 0 error(s), 1 left on base; Vancouver 3 - Mile High 4
TOP OF THE 8TH
Vancouver Vipers batting - Pitching for Mile High Broncos : RHP David Bailey
Pitching: RHP Todd Howell
Now at 1B: Juan Medina
Batting: RHB Marvin Workman 0-0: Ball
1-0: Swinging Strike
1-1: Foul Ball, location: 2F
1-2: Foul Ball, location: 2F
1-2: Ball
2-2: DOUBLE (Line Drive, 9LD)
Batting: RHB Sergio Pujols 0-0: Ball
Balk!
Marvin Workman to third
1-0: Ball
2-0: Called Strike
2-1: Ball
3-1: Called Strike
3-2: Foul Ball, location: 2F
3-2: Foul Ball, location: 2F
3-2: Base on Balls
Pitching: LHP Mark Stewart
Pinch Hitting: RHB Guillermo Sánchez 0-0: Called Strike
0-1: Ball
1-1: Ball
2-1: Ball
3-1: Base on Balls
Sergio Pujols to second
Pinch Hitting: SHB Henry Copeland 0-0: Ball
1-0: Ball
2-0: Called Strike
2-1: GRAND SLAM HOME RUN (Line Drive, 78XD), Distance : 413 ft
Pitching: LHP Robin Wilder
Batting: RHB Pedro Fuentes 0-0: Ball
1-0: Ground out 5-3 (Groundball, 5L)
Batting: RHB Salvador Medine 0-0: Called Strike
0-1: Ball
1-1: Called Strike
1-2: Ball
2-2: Ground out 6-3 (Groundball, 6S)
Batting: LHB Malcolm Thomas 0-0: Called Strike
0-1: SINGLE (Groundball, 56D)
Batting: LHB Katsumi Morishita 0-0: Called Strike
0-1: Foul Ball, location: 2F
0-2: Ball
Throwing error on steal attempt, E2
Malcolm Thomas to third
1-2: Ball
2-2: Strikes out swinging
Top of the 8th over - 4 run(s), 3 hit(s), 1 error(s), 1 left on base; Vancouver 7 - Mile High 4
BOTTOM OF THE 8TH
Mile High Broncos batting - Pitching for Vancouver Vipers : RHP Michael Chapman
Now at 2B: Jesús Gonzáles
Now in LF: Guillermo Sánchez
Batting: SHB Keith Shaffer 0-0: Ball
1-0: Ball
2-0: Foul Ball, location: 2F
2-1: Fly out, F3 (Popup, 3F)
Batting: RHB Su-kweon Yu 0-0: Swinging Strike
0-1: Ball
1-1: Ball
2-1: Foul Ball, location: 2F
2-2: Ball
3-2: Base on Balls
Batting: SHB Paco Martínez 0-0: Swinging Strike
0-1: Ball
1-1: Foul Ball, location: 2F
1-2: Ball
Wild Pitch!
Su-kweon Yu to second
2-2: Ball
3-2: Foul Ball, location: 2F
3-2: Base on Balls
Batting: RHB Francisco Medina 0-0: Ball
1-0: Foul Ball, location: 2F
1-1: Called Strike
1-2: Foul Ball, location: 2F
1-2: Ball
2-2: Foul Ball, location: 2F
2-2: Fly out, F9 (Flyball, 9M)
Batting: RHB José Herrera 0-0: Foul Ball, location: 2F
0-1: Called Strike
0-2: Ball
1-2: Foul Ball, location: 2F
1-2: Ball
2-2: Foul Ball, location: 2F
2-2: Foul Ball, location: 2F
2-2: Fly out, F8 (Flyball, 8LD)
Bottom of the 8th over - 0 run(s), 0 hit(s), 0 error(s), 2 left on base; Vancouver 7 - Mile High 4
TOP OF THE 9TH
Vancouver Vipers batting - Pitching for Mile High Broncos : LHP Robin Wilder
Batting: LHB Mike Williams 0-0: Ball
1-0: Ball
2-0: Ball
3-0: Base on Balls
Batting: RHB Marvin Workman 0-0: Ball
1-0: Foul Ball, location: 2F
1-1: Foul Ball, location: 2F
1-2: Ball
2-2: Fly out, F9 (Line Drive, 9M)
Batting: RHB Sergio Pujols 0-0: Called Strike
0-1: Ball
1-1: Ball
Mike Williams steals 2nd base
2-1: Fly out, F7 (Flyball, 7D)
Runner from 2nd tags up, SAFE at 3rd, no throw
Batting: RHB Guillermo Sánchez 0-0: Swinging Strike
0-1: Ball
1-1: Swinging Strike
1-2: Ball
2-2: Ball
3-2: Ground out 6-3 (Groundball, 6)
Top of the 9th over - 0 run(s), 0 hit(s), 0 error(s), 1 left on base; Vancouver 7 - Mile High 4
BOTTOM OF THE 9TH
Mile High Broncos batting - Pitching for Vancouver Vipers : RHP Michael Chapman
Pitching: RHP Jeff Lynn
Batting: RHB Jung-ha Kim 0-0: Called Strike
0-1: Ball
1-1: Ball
2-1: Called Strike
2-2: Foul Ball, location: 2F
2-2: Strikes out swinging
Batting: LHB Juan Medina 0-0: Called Strike
0-1: Foul Ball, location: 2F
0-2: Ball
1-2: SINGLE (Line Drive, 7S)
Batting: LHB Bill Houston 0-0: Ball
1-0: Ball
2-0: Grounds into double play, 6-4-3 (Groundball, 6)
Bottom of the 9th over - 0 run(s), 1 hit(s), 0 error(s), 0 left on base; Vancouver 7 - Mile High 4
This league is powered by Out of the Park Baseball, the baseball management simulation game for PC, Mac and Linux
Tuesday, August 2nd, 2016 - OOTP Baseball 16.8 Build 38